AoeStats
← Neitan

Lombardia

507722838Analyzed
4v4 RM · 14d ago on Sep 19, 2026· 18m 41s· 8 players
Game mode
Random Map
Map size
Large (8 player)
Population
200
Speed
Normal
Resources
Standard
Victory
Conquest
Starting age
Dark Age
Ending age
Imperial Age
RankedLock teamsTeams togetherTeam positionsShared explorationLock speedFull tech treeHidden civsTurbo modeCheats
Victory
Defeat
🇦🇷 Goths · Argentina
1154
+21
🇨🇿 Franks · Czechia
1135
+22
🇻🇳 Magyars · Vietnam
1124
+22
🇨🇿 Bohemians · Czechia
1107
+23
🇨🇳 Chinese · China
1324
-24
🇫🇷 Khmer · France
1322
-25
🇧🇩 Lithuanians · Bangladesh
1231
-21
🇫🇷 Mongols · France
1164
-18
Blondie
10:50 Feudal Age
16:54 Castle Age
18:24 Wheelbarrow
17:37 Loom
BlueStaR
11:15 Feudal Age
12:10 Horse Collar
12:22 Double-Bit Axe
14:56 Castle Age
CumansCumin
10:21 Feudal Age
11:47 Double-Bit Axe
14:04 Castle Age
12:00 Horse Collar
13:44 Loom
15:30 Bow Saw
16:00 Heavy Plow
巨大的问号
0:31 Loom
9:10 Feudal Age
10:24 Double-Bit Axe
12:33 Horse Collar
19:47 Castle Age
DartPlayerCZ
11:00 Feudal Age
12:41 Horse Collar
16:07 Castle Age
Donki
5:02 Loom
10:27 Feudal Age
11:01 Double-Bit Axe
13:08 Forging
13:05 Scale Barding Armor
15:37 Forging
17:08 Forging
Neitan
0:26 Loom
11:00 Feudal Age
14:48 Castle Age
12:43 Double-Bit Axe
16:34 Bow Saw
16:08 Horse Collar
anhdeptraibd
1:25 Loom
10:15 Feudal Age
19:46 Castle Age
17:50 Horse Collar
18:25 Double-Bit Axe
Connection lost

Rejoining the realm…

Still unreachable

The connection could not be restored.

Session expired

The server has moved on; the page needs a fresh start.